 Dungeon Crawl Stone Soup version 0.28.0-43-g3370ac3207 (webtiles) character file.

Game seed: 10474413916314106295

6101 nickcage the Basher (level 11, -4/86 HPs)
             Began as a Formicid Abyssal Knight on Mar 24, 2022.
             Was a Priest of Lugonu.
             Slain by a white ugly thing (30 damage)
             ... on level 9 of the Dungeon.
             The game lasted 00:32:42 (11227 turns).

nickcage the Basher (Formicid Abyssal Knight)      Turns: 11227, Time: 00:32:42

Health: -4/86      AC: 18    Str: 23    XL:     11   Next: 12%
Magic:  12/12      EV: 10    Int:  9    God:    Lugonu [***...]
Gold:   1487       SH:  5    Dex: 11    Spells: 10/10 levels left

rFire   . . .      SeeInvis +   c - +3 whip (pain)
rCold   . . .      Faith    .   (no shield)
rNeg    . . .      Spirit   .   l - +0 scale mail
rPois   .          Reflect  +   (helmet unavailable)
rElec   .          Harm     .   u - +2 cloak
rCorr   .          Rampage  .   (no gloves)
Will    +....                   z - +0 pair of boots
Stlth   ..........              D - amulet of reflection
HPRegen 0.24/turn               k - +4 ring of protection
MPRegen 0.13/turn               p - ring of flight

@: flying, studying 2 skills
A: permanent stasis, dig shafts and tunnels, antennae 3, four strong arms,
hooves 1, wild magic 1
a: Dig, Shaft Self, Renounce Religion, Depart the Abyss, Bend Space, Banish


You were on level 9 of the Dungeon.
You worshipped Lugonu.
Lugonu was most pleased with you.
You visited 1 branch of the dungeon, and saw 9 of its levels.
You visited the Abyss 1 time.

You collected 1487 gold pieces.

Inventory:

Hand Weapons
 c - a +3 whip of pain (weapon)
Missiles
 G - 2 poisoned darts (quivered)
Armour
 l - a +0 scale mail (worn)
 u - a +2 cloak (worn)
 z - a +0 pair of boots (worn)
Jewellery
 k - a +4 ring of protection (left hand)
 p - a ring of flight (right hand)
 r - a ring of protection from fire
 w - a ring of ice
 D - an amulet of reflection (around neck)
 E - a +6 ring of strength
 I - a ring of protection from cold
 J - a ring of resist corrosion
Wands
 b - a wand of polymorph (4)
 A - a wand of paralysis (7)
 H - a wand of iceblast (7)
Scrolls
 i - 2 scrolls of blinking {unknown}
 n - a scroll of teleportation
 t - 2 scrolls of enchant armour
 v - 3 scrolls of identify
 y - a scroll of vulnerability {unknown}
 B - a scroll of magic mapping {unknown}
 C - a scroll of enchant weapon
 F - a scroll of summoning
Potions
 a - 3 potions of haste {unknown}
 d - 3 potions of mutation
 e - a potion of lignification {unknown}
 f - a potion of berserk rage
 g - a potion of might
 h - 3 potions of brilliance
 j - 3 potions of cancellation
 m - 3 potions of attraction
 o - a potion of resistance {unknown}
 q - a potion of degeneration {unknown}
 s - a potion of ambrosia {unknown}
 x - 3 potions of curing


   Skills:
 + Level 8.2 Fighting
 - Level 2.0 Long Blades
 - Level 14.4 Maces & Flails
 + Level 12.2 Armour
 - Level 0.8 Dodging
 - Level 1.2 Shields
 - Level 2.1 Invocations


You had 10 spell levels left.
You didn't know any spells.
Your spell library contained the following spells:

 Spells                   Type           Power      Damage    Failure   Level
 Magic Dart               Conj           0%         1d3       71%         1
 Call Imp                 Summ           0%         N/A       83%         2
 Corpse Rot               Necr/Air       0%         N/A       83%         2
 Ignite Poison            Fire/Tmut/Pois 0%         N/A       96%         3
 Mephitic Cloud           Conj/Pois/Air  0%         N/A       96%         3
 Dispel Undead            Necr           0%         3d6       100%        4
 Alistair's Intoxication  Tmut/Pois      0%         N/A       100%        5
 Borgnjor's Vile Clutch   Necr/Erth      0%         N/A       100%        5
 Freezing Cloud           Conj/Ice/Air   0%         6-21      100%        5
 Death Channel            Necr           0%         N/A       100%        6
 Eringya's Noxious Bog    Tmut/Pois      0%         N/A       100%        6


Dungeon Overview and Level Annotations

Branches:
Dungeon (9/15)             Temple (0/1) D:7
   Lair: D:8-11         Orc: D:9-12

Altars:
Makhleb
Okawaru
Ru
Uskayaw


Innate Abilities, Weirdness & Mutations

You cannot be hasted, slowed, berserked, paralysed or teleported.
You can dig through walls and to a lower floor.
You have a pair of large antennae on your head. (SInv)
Your four strong arms can wield two-handed weapons with a shield.
You have large cloven feet.
Your spells are a little harder to cast, but a little more powerful.


Message History

a killer bee corpse; a killer bee corpse
G - 3 poisoned darts (gained 1)
G - 4 poisoned darts (gained 1)
G - 5 poisoned darts (gained 1)
A white ugly thing comes into view.
The white ugly thing gurgles horribly!
You throw a poisoned dart.
The poisoned dart hits the white ugly thing.
The white ugly thing is poisoned.
You throw a poisoned dart.
The poisoned dart hits the white ugly thing.
The white ugly thing looks even sicker.
The white ugly thing is lightly wounded.
You throw a poisoned dart.
The poisoned dart closely misses the white ugly thing.
You hit the white ugly thing.
The white ugly thing is lightly wounded.
You closely miss the white ugly thing.
The white ugly thing is lightly wounded.
The white ugly thing tentacle-slaps you but does no damage.
You hit the white ugly thing.
The white ugly thing is lightly wounded.
You whack the white ugly thing!
The white ugly thing is moderately wounded.
The white ugly thing tentacle-slaps you!
The white ugly thing freezes you!
You hit the white ugly thing.
The white ugly thing is moderately wounded.
You hit the white ugly thing.
The white ugly thing is moderately wounded.
The white ugly thing tentacle-slaps you!
The white ugly thing freezes you!!
You are too injured to fight recklessly!
You hit the white ugly thing but do no damage.
The white ugly thing is moderately wounded.
You hit the white ugly thing.
The white ugly thing is heavily wounded.
The white ugly thing tentacle-slaps you.
The white ugly thing freezes you!!
You die...

#. #. #( #( #(
#.
#.###########
#...u@......#
#...########.#
........ #.#
#.##...## #.#
.. ##.## #.# #
#. #.# #. #.#
#+ #.## #..#


You could see a white ugly thing (poisoned).

Vanquished Creatures
  Gastronok (D:8)
  A boulder beetle (D:8)
  A manticore (D:8)
  A gargoyle (D:6)
  Psyche (D:8)
  A hornet (D:8)
  Grinder (D:4)
  2 wyverns
  Grum (D:8)
  An acid dragon (D:8)
  A water moccasin (D:5)
  An ice beast (D:8)
  3 wolves
  An ogre (D:5)
  2 black bears
  3 centaurs
  2 phantoms
  2 bullfrogs
  A scorpion (D:3)
  2 water moccasin skeletons
  3 killer bees (D:9)
  3 wights (D:7)
  4 howler monkeys
  A bullfrog zombie (D:6)
  3 centaur zombies
  A hound (D:2)
  Crazy Yiuf (D:3)
  A centaur skeleton (D:6)
  4 orc priests
  2 iguanas
  2 jellies
  Terence (D:2)
  2 orc wizards (D:8)
  3 killer bee zombies
  2 howler monkey zombies (D:9)
  6 adders
  A howler monkey skeleton (D:6)
  8 gnolls
  A white imp (D:6)
  2 worms
  2 dart slugs
  10 orcs
  4 ball pythons
  6 endoplasms
  2 giant cockroaches
  8 goblins
  4 hobgoblins
  4 jackals
  4 kobolds
  6 quokkas
  4 bats
  3 frilled lizards
  3 rats (D:1)
140 creatures vanquished.

Notes
Turn   | Place    | Note
-------+----------+-------------------------------------------
     0 | Abyss:1  | nickcage the Formicid Abyssal Knight began the quest for
                  | the Orb.
     0 | Abyss:1  | Reached XP level 1. HP: 18/18 MP: 2/2
     0 | D:1      | Escaped the Abyss
   138 | D:1      | Reached skill level 1 in Maces & Flails
   155 | D:1      | Reached XP level 2. HP: 24/24 MP: 3/3
   501 | D:1      | Reached * piety under Lugonu
   530 | D:1      | Reached skill level 2 in Maces & Flails
  1087 | D:2      | Reached XP level 3. HP: 19/29 MP: 4/4
  1331 | D:2      | Noticed Terence
  1351 | D:2      | HP: 1/29 [Terence/+0 mace (2)]
  1354 | D:2      | Killed Terence
  1355 | D:2      | Reached skill level 3 in Maces & Flails
  1355 | D:2      | Reached XP level 4. HP: 2/35 MP: 5/5
  1663 | D:2      | Reached skill level 4 in Maces & Flails
  2066 | D:2      | Reached XP level 5. HP: 31/41 MP: 6/6
  2894 | D:3      | Reached ** piety under Lugonu
  2895 | D:3      | Reached skill level 5 in Maces & Flails
  2895 | D:3      | Reached XP level 6. HP: 26/47 MP: 7/7
  3108 | D:3      | Reached skill level 6 in Maces & Flails
  3504 | D:3      | Found a runed translucent door.
  3505 | D:3      | Noticed Crazy Yiuf
  3521 | D:3      | Killed Crazy Yiuf
  4035 | D:4      | Noticed a black bear
  4036 | D:4      | Gained mutation: You have large cloven feet. [potion of
                  | mutation]
  4036 | D:4      | Gained mutation: Your spells are a little harder to cast,
                  | but a little more powerful. [potion of mutation]
  4045 | D:4      | Killed a black bear
  4046 | D:4      | Reached XP level 7. HP: 48/52 MP: 8/8
  4105 | D:4      | Noticed Grinder
  4132 | D:4      | Killed Grinder
  4133 | D:4      | Reached skill level 7 in Maces & Flails
  4343 | D:4      | Found a hide-covered altar of Uskayaw.
  4498 | D:5      | Entered Level 5 of the Dungeon
  4579 | D:5      | Noticed a water moccasin
  4587 | D:5      | Killed a water moccasin
  4588 | D:5      | Reached skill level 8 in Maces & Flails
  4588 | D:5      | Reached XP level 8. HP: 52/58 MP: 9/9
  5274 | D:5      | Reached skill level 9 in Maces & Flails
  5276 | D:5      | Identified 3 scrolls of acquirement
  5276 | D:5      | Acquired a manual of Armour
  5278 | D:5      | Acquired 988 gold pieces
  5279 | D:5      | Acquired a manual of Maces & Flails
  5539 | D:5      | Found a burning altar of Makhleb.
  5955 | D:6      | Reached skill level 10 in Maces & Flails
  6455 | D:6      | Noticed a gargoyle
  6460 | D:6      | Killed a gargoyle
  6461 | D:6      | Reached skill level 12 in Maces & Flails
  6461 | D:6      | Reached XP level 9. HP: 64/64 MP: 10/10
  6690 | D:7      | Reached skill level 1 in Shields
  6956 | D:7      | You are sucked into a shaft and drop 1 floor!
  7055 | D:8      | Reached *** piety under Lugonu
  7056 | D:8      | Reached skill level 13 in Maces & Flails
  7195 | D:8      | Noticed a manticore
  7214 | D:8      | Killed a manticore
  7215 | D:8      | Reached skill level 14 in Maces & Flails
  7572 | D:8      | Noticed Gastronok
  7936 | D:8      | Killed Gastronok
  7937 | D:8      | Reached skill level 5 in Fighting
  7937 | D:8      | Reached XP level 10. HP: 39/76 MP: 11/11
  8456 | D:8      | Noticed Grum
  8934 | D:7      | Identified the +5 short sword "Ruppu" {protect, Int+3 SInv}
  9528 | D:7      | Reached skill level 10 in Armour
  9540 | D:7      | Found a staircase to the Ecumenical Temple.
  9665 | D:8      | Killed Grum
  9905 | D:8      | Found a sacrificial altar of Ru.
  9907 | D:8      | Found an iron altar of Okawaru.
  9907 | D:8      | Noticed a boulder beetle
  9910 | D:8      | Noticed Psyche
 10032 | D:8      | Killed Psyche
 10598 | D:8      | Killed a boulder beetle
 10599 | D:8      | Reached XP level 11. HP: 20/86 MP: 12/12
 11213 | D:9      | Noticed a white ugly thing
 11227 | D:9      | Slain by a white ugly thing

Illustrated notes

Levels and vault maps discovered:
D:1:      matt_arrival_grand_opening, layout_rooms, minmay_split_cup_small
D:2:      wander_river, layout_basic, uniq_terence
D:3:      layout_loops_ring, serial_rivers, chequers_serial_rivers_room_b,
          chequers_serial_rivers_large_b, chequers_serial_rivers_micro_c,
          chequers_serial_rivers_large_a, kennysheep_generic_room_16,
          uniq_crazy_yiuf_cottage
D:4:      layout_loops_ring, nicolae_uskayaw_dance_hall, uniq_grinder
D:5:      layout_basic, bloody_makhleb, st_stairs_6,
          chequers_serial_rivers_marsh
D:6:      layout_loops_ring
D:7:      layout_loops_ring, temple_hall
D:8:      layout_rooms, jmf_multi_god_temple, grunt_ministairs_12, uniq_psyche,
          uniq_gastronok, uniq_grum
D:9:      layout_loops_corners

Skill      XL: |  1  2  3  4  5  6  7  8  9 10 11 |
---------------+----------------------------------+-----
Maces & Flails | 1 2 3 4 5 6 8 12 14 | 14.4
Shields        | 1 |  1.2
Armour         | 8 11 12 | 12.2
Fighting       | 5 7 8 |  8.2
Long Blades    | |  2.0
Dodging        | |  0.8
Invocations    | |  2.1

Action                   |  1- 3 |  4- 6 |  7- 9 | 10-12 || total
-------------------------+-------+-------+-------+-------++-------
Melee: Whip              |    80 |   174 |   374 |   301 ||   929
       Punch             |     1 |     3 |     3 |     4 ||    11
       Kick              |       |     3 |    28 |       ||    31
Throw: Dart              |       |       |     2 |    15 ||    17
Invok: Depart the Abyss  |     1 |       |       |       ||     1
       Bend Space        |       |       |       |     1 ||     1
  Use: Scroll            |     1 |     5 |    12 |       ||    18
       Potion            |       |     1 |     2 |     1 ||     4
 Stab: Sleeping          |     1 |       |       |       ||     1
Armor: Leather armour    |    18 |       |       |       ||    18
       Scale mail        |       |    87 |   133 |    73 ||   293
Dodge: Dodged            |    34 |    91 |    95 |    88 ||   308
Block: Other             |       |       |    26 |    37 ||    63
       Reflection        |       |       |       |     3 ||     3
